 Dungeon Crawl Stone Soup version 0.28.0-53-g5a82cb258f (webtiles) character file.

Game seed: 2551466528077011611

72 MiltankisOP the Insei (level 4, -1/34 HPs)
             Began as a Merfolk Transmuter on June 25, 2022.
             Slain by an adder (3 damage)
             ... on level 2 of the Dungeon.
             The game lasted 00:02:33 (1623 turns).

MiltankisOP the Insei (Merfolk Transmuter)          Turns: 1623, Time: 00:02:34

Health: -1/34      AC:  2    Str: 10    XL:     4   Next: 25%
Magic:  7/7        EV: 13    Int: 12    God:
Gold:   89         SH:  0    Dex: 16    Spells: 6/7 levels left

rFire   . . .      SeeInvis .     - Unarmed
rCold   . . .      Faith    .   (no shield)
rNeg    . . .      Spirit   .   a - +0 robe
rPois   .          Reflect  .   (helmet currently unavailable)
rElec   .          Harm     .   (no cloak)
rCorr   .          Rampage  .   (no gloves)
Will    .....                   (boots currently unavailable)
Stlth   +.........              (no amulet)
HPRegen 0.11/turn               (no ring)
MPRegen 0.10/turn               (no ring)

@: lethally poisoned (-1 -> -6), appendages (expiring), flying
A: horns 2, (nimble swimmer 2), mertail, sense surroundings 1, evolution 1
a: End Transformation


You were on level 2 of the Dungeon.
You had temporarily grown beastly horns.
You visited 1 branch of the dungeon, and saw 2 of its levels.

You collected 89 gold pieces.

Inventory:

Armour
 a - a +0 robe (worn)
Scrolls
 c - a scroll of brand weapon {unknown}
 d - a scroll of immolation {unknown}
 f - 2 scrolls of teleportation {unknown}
 h - a scroll of silence {unknown}
Potions
 b - a potion of lignification {unknown}
 g - a potion of flight
 i - a potion of magic {unknown}


   Skills:
 + Level 2.5 Fighting
 + Level 4.0 Dodging
 + Level 4.1 Unarmed Combat
 - Level 2.0 Spellcasting
 - Level 2.6 Transmutations


You had 6 spell levels left.
You knew the following spells:

 Your Spells              Type           Power      Damage    Failure   Level
a - Beastly Appendage     Tmut           14%        N/A       9%          1

Your spell library contained the following spells:

 Spells                   Type           Power      Damage    Failure   Level
 Wereblood                Tmut           7%         N/A       14%         2
 Spider Form              Tmut/Pois      4%         N/A       43%         3
 Ice Form                 Ice/Tmut       4%         N/A       83%         4


Dungeon Overview and Level Annotations

Branches:
Dungeon (2/15)

Altars:


Innate Abilities, Weirdness & Mutations

You have temporarily grown beastly horns.
((You are very nimble when in or above water. (Stealth+, EV+, Speed+++)))
Your lower body shifts to a powerful aquatic tail in water.
You passively map a small area around you.
You have hidden genetic potential.


Message History

The adder is heavily wounded.
You feel sick. The adder closely misses you.
You barely miss the adder.
The adder is heavily wounded.
You feel sick. The adder barely misses you.
You completely miss the adder.
The adder is heavily wounded.
You feel sick. The adder bites you. x2
You hit the adder but do no damage.
The adder is heavily wounded.
You feel sick. The adder barely misses you.
You miss the adder. Your headbutt misses the adder.
The adder is heavily wounded.
Your transformation is almost over.
You feel sick. The adder bites you.
You are more poisoned.
The adder poisons you!
An adder is nearby!
You barely miss the adder.
The adder is heavily wounded.
You feel sick. The adder bites you.
You hit the adder but do no damage. Your punch misses the adder.
The adder is heavily wounded.
You feel sick. The adder barely misses you. The adder bites you.
* * * LOW HITPOINT WARNING * * *
You hit the adder.
The adder is heavily wounded.
The adder closely misses you.
It was a potion of flight.
You feel very buoyant.
You fly up into the air.
You feel sick. The adder bites you.
* * * LOW HITPOINT WARNING * * *
You are lethally poisoned!
The adder poisons you!
It was a potion of mutation.
You feel extremely strange.
You feel a hidden potential growing inside you.
You feel a strange attunement to the structure of the dungeons.
* * * LOW HITPOINT WARNING * * *
You feel sick. The adder bites you.
You die...

########## *
#........# ,
#........# *.. ,
#........#
*....######........#
......S@#.........##
!....##............#
... ,
###.########.##### .
**#.# #...... , ..#
#...... *..##
#####...... * ..#
............ * , ..
,.......†.... , ..
.......####.


You could see an adder.

Vanquished Creatures
  2 gnolls
  An adder (D:2)
  5 ball pythons
  An endoplasm (D:1)
  4 giant cockroaches
  2 goblins (D:1)
  4 hobgoblins
  4 jackals (D:1)
  5 kobolds
  2 quokkas
  4 bats
  A frilled lizard (D:2)
  5 rats
40 creatures vanquished.

Notes
Turn   | Place    | Note
-------+----------+-------------------------------------------
     0 | D:1      | MiltankisOP the Merfolk Transmuter began the quest for the
                  | Orb.
     0 | D:1      | Reached XP level 1. HP: 15/15 MP: 3/3
   223 | D:1      | Reached XP level 2. HP: 21/21 MP: 3/5
   557 | D:1      | Reached XP level 3. HP: 21/27 MP: 4/6
  1080 | D:1      | Reached XP level 4. HP: 5/34 MP: 5/7
  1623 | D:2      | Gained mutation: You have hidden genetic potential. [potion
                  | of mutation]
  1623 | D:2      | Gained mutation: You passively map a small area around you.
                  | [potion of mutation]
  1623 | D:2      | Slain by an adder

Illustrated notes

Levels and vault maps discovered:
D:1:      amcnicky_arrival_underground_garden, layout_loops_ring
D:2:      layout_rooms, chequers_serial_rivers_micro_e, chequers_mini_garden

Skill      XL: |  1  2  3  4 |
---------------+-------------+-----
Dodging        | 3 4 |  4.0
Fighting       | 2 |  2.5
Unarmed Combat | 4 |  4.1
Spellcasting   | |  2.0
Transmutations | |  2.6

Action                   |  1- 3 |  4- 6 || total
-------------------------+-------+-------++-------
Melee: Unarmed           |    98 |    23 ||   121
       Headbutt          |    13 |     1 ||    14
       Punch             |     1 |       ||     1
 Cast: Beastly Appendage |    20 |     3 ||    23
  Use: Potion            |       |     2 ||     2
Armor: Robe              |    23 |       ||    23
Dodge: Dodged            |    73 |    12 ||    85
